 Dungeon Crawl Stone Soup version 0.20.1-1-g8b1a95d (webtiles) character file.

142 Peloso the Shield-Bearer (level 5, -7/49 HPs)
             Began as a Deep Dwarf Fighter on Aug 3, 2017.
             Killed by divine providence
             ... invoked by an orc priest
              (15 damage)
             ... on level 3 of the Dungeon.
             The game lasted 00:03:51 (1607 turns).

Peloso the Shield-Bearer (Deep Dwarf Fighter)       Turns: 1607, Time: 00:03:52

Health: -7/49      AC:  7    Str: 25    XL:     5   Next: 4%
Magic:  5/5        EV:  8    Int:  9    God:
Gold:   68         SH: 12    Dex: 12    Spells: 4/4 levels left

rFire    . . .     SeeInvis .   a - +0 long sword
rCold    . . .     Gourm    .   e - +2 shield
rNeg     . . .     Faith    .   b - +0 scale mail
rPois    .         Spirit   .   (no helmet)
rElec    .         Reflect  .   (no cloak)
rCorr    .         Harm     .   (no gloves)
MR       .....                  (no boots)
Stlth    ..........             (no amulet)
Regen    0.0/turn               (no ring)
MPRegen  0.1/turn               (no ring)

@: mighty, non-regenerating
A: damage resistance, heal wounds, sense surroundings 1, no regeneration
a: Heal Wounds


You were on level 3 of the Dungeon.
You were not hungry.

You visited 1 branch of the dungeon, and saw 3 of its levels.

You collected 68 gold pieces.

Inventory:

Hand Weapons
 a - a +0 long sword (weapon)
Armour
 b - a +0 scale mail (worn)
 c - a +0 shield
 e - a +2 shield (worn)
Scrolls
 i - a scroll of fog {unknown}
 k - a scroll of recharging {unknown}
 l - 2 scrolls of teleportation {unknown}
 n - 5 scrolls of remove curse {unknown}
 p - 2 scrolls of identify {unknown}
 q - a scroll of blinking {unknown}
 r - 2 scrolls of enchant armour {unknown}
Potions
 h - 2 potions of flight {unknown}
 m - 2 potions of curing {unknown}
 o - a potion of mutation {unknown}
 s - a potion of agility {unknown}
Comestibles
 f - 3 bread rations
 g - a meat ration
 j - 4 fruits
 t - 3 chunks of flesh


   Skills:
 + Level 3.2 Fighting
 + Level 3.4 Long Blades
 + Level 4.0 Armour
 + Level 0.7 Dodging
 + Level 4.2 Shields


You had 4 spell levels left.
You didn't know any spells.

Dungeon Overview and Level Annotations

Branches:
Dungeon (3/15)

Altars:


Innate Abilities, Weirdness & Mutations

You are resistant to damage.
You can heal yourself by infusing magical energy.
You passively map a small area around you.
You do not regenerate.


Message History

The orc priest mumbles some strange prayers to Beogh against you.
Pain shoots through your body!
You slash the orc priest!
You kill the orc priest!
You have reached level 5!
The orc priest mumbles some strange prayers to Beogh against you.
Beogh smites you!
* * * LOW HITPOINT WARNING * * *
The orc priest hits you with a club.
* * * LOW HITPOINT WARNING * * *
Items here: )) [[ a falchion; a leather armour; a club; a ring mail You hit the orc priest but do no damage.
The orc priest hits you with a club.
You closely miss the orc priest. The orc priest closely misses you.
You riposte.
You closely miss the orc priest. You closely miss the orc priest.
The orc priest calls down the wrath of Beogh upon you.
Beogh smites you!
You die...

#.# #.... , * , #.#
#.### *, , * #.# #.###
#+* #.# #(##. * *... #.#
#(##. , .... ####.#
#.##. ..... ##.##.##
#)##. ,
.....g####...#..####....
.....oo@................
, ,
.....o####...##.#######.
* .....* ##.....# #.
.... ##.#### #. * ...*
#.# ## , #+* ** #.# , ,
#.# * * #.* *


You could see an orc priest, 2 orcs and a hobgoblin.

Vanquished Creatures
  An orc priest (D:3)
  Jessica (D:2)
  2 adders (D:3)
  2 oozes (D:1)
  3 worms
  2 dart slugs
  2 leopard geckos
  An orc (D:3)
  4 giant cockroaches
  4 hobgoblins
  5 kobolds
  6 bats
  2 frilled lizards (D:1)
  6 goblins
  9 rats
50 creatures vanquished.

Notes
Turn   | Place    | Note
-------+----------+-------------------------------------------
     0 | D:1      | Peloso the Deep Dwarf Fighter began the quest for the Orb.
     0 | D:1      | Reached XP level 1. HP: 20/20 MP: 1/1
   142 | D:1      | Reached XP level 2. HP: 27/27 MP: 2/2
   635 | D:1      | Reached XP level 3. HP: 26/34 MP: 3/3
   690 | D:2      | Noticed Jessica
   699 | D:2      | Killed Jessica
   828 | D:2      | Reached XP level 4. HP: 29/42 MP: 4/4
  1603 | D:3      | Reached XP level 5. HP: 20/49 MP: 5/5
  1607 | D:3      | Killed from afar by an orc priest

Skill      XL: |  1  2  3  4 |
---------------+-------------+-----
Fighting       | 3 |  3.2
Long Blades    | 3 |  3.4
Shields        | 4 |  4.2
Armour         | 4 |  4.0
Dodging        | |  0.7

Action                   |  1- 3 |  4- 6 || total
-------------------------+-------+-------++-------
Melee: Long sword        |    92 |    61 ||   153
 Abil: Heal Wounds       |     1 |       ||     1
  Use: Potion            |       |     1 ||     1
  Eat: Chunk             |       |     3 ||     3
Armor: Scale mail        |    42 |    19 ||    61
Dodge: Dodged            |    29 |    19 ||    48
Block: Shield            |    54 |    34 ||    88
       Rpst.: Long sword |     9 |     7 ||    16
